 Dungeon Crawl Stone Soup version 0.24.0-3-g28a8eb0610 (console) character file.

Game seed: 13090585598508572126, levelgen mode: deterministic

352446 Garrluk the Ruinous (level 21, 0/139 HPs)
             Began as a Deep Elf Fire Elementalist on Oct 29, 2019.
             Was the Champion of Vehumet.
             Slain by an ancient lich (5 damage)
             ... on level 5 of the Vaults on Nov 1, 2019.
             The game lasted 03:15:23 (41324 turns).

Garrluk the Ruinous (Deep Elf Fire Elementalist)   Turns: 41324, Time: 03:15:24

Health: 0/139      AC: 10    Str:  8    XL:     21   Next: 31%
Magic:  8/65       EV: 22    Int: 36    God:    Vehumet [******]
Gold:   2921       SH:  0    Dex: 19    Spells: 8/61 levels left

rFire    + . .     SeeInvis +   x - +5 mace {protect, *Contam rF+ MP+9}
rCold    . . .     Gourm    .   (no shield)
rNeg     . . .     Faith    .   y - +4 robe "Pudaod Kil" {rElec Int+2 Dex+4 Slay+6}
rPois    .         Spirit   .   t - +2 hat {SInv}
rElec    +         Reflect  .   M - +0 cloak of Light {Int+3} (curse)
rCorr    .         Harm     .   H - +0 pair of gloves {Str+3}
MR       +++..                  (no boots)
Stlth    ++........             m - amulet of Vitality {Regen+ HP+15}
HPRegen  0.73/turn              L - ring of magical power
MPRegen  0.39/turn              j - ring of protection from magic

@: lethally poisoned (0 -> -12), slowed, lightly drained, very slow
A: no striking features
}: 2/15 runes: decaying, serpentine
a: Renounce Religion


You were on level 5 of the Vaults.
You worshipped Vehumet.
Vehumet was exalted by your worship.
You were not hungry.

You visited 8 branches of the dungeon, and saw 38 of its levels.
You also visited: Bailey, Gauntlet and Ice Cave.

You collected 3803 gold pieces.
You spent 882 gold pieces at shops.

Inventory:

Hand Weapons
 x - the +5 mace "Weoh" (weapon) {protect, *Contam rF+ MP+9}
   (You found it on level 4 of the Dungeon)

   It grants its wielder temporary protection when it strikes (+7 to AC).
   It protects you from fire.
   It affects your magic capacity (+9).
   It causes magical contamination when unequipped.
Missiles
 G - 16 curare-tipped darts (quivered)
Armour
 o - a +2 robe of the Archmagi
 t - a +2 hat of see invisible (worn)
 y - the +4 robe "Pudaod Kil" (worn) {rElec Int+2 Dex+4 Slay+6}
   (You bought it in a shop on level 2 of the Orcish Mines)

   It affects your intelligence (+2).
   It affects your dexterity (+4).
   It affects your accuracy and damage with ranged weapons and melee attacks
   (+6).
   It insulates you from electricity.
 H - a +0 pair of gloves of strength (worn)
 M - the cursed +0 cloak of Light (worn) {Int+3}
   (You found it in a Gauntlet)

   It affects your intelligence (+3).
   It has a curse placed upon it.
 O - +0 steam dragon scales
 X - a +2 robe of cold resistance
Magical Staves
 r - an uncursed staff of conjuration
 A - an uncursed staff of power
Jewellery
 j - a ring of protection from magic (right hand)
 m - the amulet of Vitality (around neck) {Regen+ HP+15}
   (You found it on level 12 of the Dungeon)

   [amulet of regeneration]

   It affects your health (+15).
   It increases your rate of regeneration.
 v - an uncursed ring of poison resistance
 w - an uncursed ring of protection from fire
 L - a ring of magical power (left hand)
 T - an uncursed ring of wizardry
 V - a +5 ring of intelligence
 W - an uncursed ring of ice
Wands
 C - a wand of iceblast (26)
 Q - a wand of digging (4)
Scrolls
 b - 8 scrolls of enchant armour
 f - 4 scrolls of teleportation
 g - a scroll of fear
 i - 4 scrolls of magic mapping
 n - 9 scrolls of identify
 z - 18 scrolls of remove curse {unknown}
 E - 6 scrolls of fog
 F - 3 scrolls of silence
 N - 6 scrolls of amnesia
 U - 2 scrolls of summoning
 Y - 2 scrolls of enchant weapon
Potions
 a - 8 potions of might
 d - a potion of magic
 e - 8 potions of curing
 h - a potion of invisibility
 k - 7 potions of mutation
 l - 5 potions of heal wounds
 p - 7 potions of haste
 s - 6 potions of brilliance
 B - 5 potions of agility
 D - 4 potions of cancellation
 J - 3 potions of flight
 R - a potion of berserk rage
 S - 2 potions of ambrosia
 Z - a potion of resistance
Miscellaneous
 I - a lightning rod (4/4)
Comestibles
 c - 38 rations


   Skills:
 - Level 11.1(10.6) Fighting
 - Level 12.4(11.9) Dodging
 - Level 2.4(2.0) Stealth
 + Level 20.5(19.9) Spellcasting
 * Level 23.5(22.9) Conjurations
 - Level 18.2(17.6) Charms
 + Level 17.8(17.3) Fire Magic


You had 8 spell levels left.
You knew the following spells:

 Your Spells              Type           Power        Failure   Level  Hunger
a - Flame Tongue          Conj/Fire      #####        0%          1    None
b - Sticky Flame          Conj/Fire      ########     0%          4    None
c - Conjure Flame         Conj/Fire      ########     0%          3    None
d - Ignition              Fire           ########..   1%          8    ####...
e - Regeneration          Chrm/Necr      #######...   1%          3    None
f - Bolt of Magma         Conj/Fire/Erth #######...   1%          5    None
g - Summon Butterflies    Summ           #####...     1%          1    None
h - Deflect Missiles      Chrm/Air       #######...   3%          6    None
i - Swiftness             Chrm/Air       #######.     1%          2    None
A - Bolt of Cold          Conj/Ice       #######...   1%          6    None
C - Fire Storm            Conj/Fire      ########..   6%          9    #####..
D - Fireball              Conj/Fire      ########..   0%          5    None

Your spell library contained the following spells:

 Spells                   Type           Power        Failure   Level  Hunger
 Shatter                  Erth           #####.....   100%        9    #####..
 Magic Dart               Conj           ####         0%          1    None
 Searing Ray              Conj           ######       0%          2    None
 Throw Flame              Conj/Fire      ######       0%          2    None
 Throw Frost              Conj/Ice       ######       0%          2    None
 Dazzling Spray           Conj/Hex       ######       0%          3    None
 Stone Arrow              Conj/Erth      ######       0%          3    None
 Iskenderun's Mystic Bla  Conj           ########     0%          4    None
 Animate Skeleton         Necr           N/A          1%          1    None
 Confusing Touch          Hex            #####.       1%          1    None
 Corona                   Hex            #####..      1%          1    None
 Freeze                   Ice            ####         1%          1    None
 Pain                     Necr           ####         1%          1    None
 Sandblast                Erth           #####.       1%          1    None
 Summon Small Mammal      Summ           ####         1%          1    None
 Call Imp                 Summ           #####...     1%          2    None
 Passwall                 Tmut/Erth      #####...     1%          2    None
 Poisonous Vapours        Pois/Air       #####.       1%          2    None
 Slow                     Hex            #####...     1%          2    None
 Inner Flame              Hex/Fire       #######.     1%          3    None
 Mephitic Cloud           Conj/Pois/Air  ######..     1%          3    None
 Ozocubu's Armour         Chrm/Ice       #######.     1%          3    None
 Force Lance              Conj/Tloc      #######.     1%          4    None
 Fulminant Prism          Conj/Hex       #######...   1%          4    None
 Throw Icicle             Conj/Ice       #######.     1%          4    None
 Freezing Cloud           Conj/Ice/Air   ######....   1%          6    None
 Ring of Flames           Chrm/Fire      ########..   1%          7    None
 Call Canine Familiar     Summ           #####...     2%          3    None
 Confuse                  Hex            #####...     2%          3    None
 Gell's Gravitas          Tloc           #####.....   2%          3    None
 Portal Projectile        Hex/Tloc       #####.       2%          3    None
 Summon Guardian Golem    Hex/Summ       #####...     2%          3    None
 Vampiric Draining        Necr           #####.....   2%          3    None
 Lee's Rapid Deconstruct  Erth           #####.....   7%          5    None
 Yara's Violent Unravell  Hex/Tmut       #####.....   7%          5    None
 Animate Dead             Necr           N/A          9%          4    None
 Cause Fear               Hex            #####.....   9%          4    None
 Leda's Liquefaction      Hex/Erth       #####.....   9%          4    None
 Passage of Golubria      Tloc           N/A          9%          4    None
 Petrify                  Tmut/Erth      #####...     9%          4    None
 Summon Ice Beast         Ice/Summ       #####...     9%          4    None
 Summon Lightning Spire   Summ/Air       #####...     9%          4    None
 Metabolic Englaciation   Hex/Ice        #####.....   24%         5    None
 Silence                  Hex/Air        #####.....   24%         5    None
 Summon Mana Viper        Hex/Summ       #####...     24%         5    None
 Darkness                 Hex            #####.....   78%         6    None
 Invisibility             Hex            #####...     78%         6    None
 Summon Hydra             Summ           #####.....   100%        7    None
 Discord                  Hex            #####.....   100%        8    ####...


Dungeon Overview and Level Annotations

Branches:
Dungeon (15/15)            Temple (1/1) D:7            Lair (6/6) D:9
  Swamp (4/4) Lair:4        Snake (4/4) Lair:3        Slime (0/5) Lair:6
    Orc (2/2) D:11            Elf (1/3) Orc:2        Vaults (5/5) D:14
  Crypt (0/3) Vaults:2     Depths (0/5) D:15         Bailey (visited)
  IceCv (visited)         Gauntlet (visited)

Altars:
Ashenzari
Cheibriados
Dithmenos
Elyvilon
Fedhas
Gozag
Hepliaklqana
Kikubaaqudgha
Makhleb
Nemelex Xobeh
Okawaru
Qazlal
Ru
Sif Muna
Trog
Uskayaw
Vehumet
Wu Jian
Xom
Yredelemnul
Zin
The Shining One
Beogh

Shops:
D:13 (   Orc:2 ([*=   Snake:4 *!   Vaults:1 %   Vaults:3 [   Vaults:4 (

Annotations:
D:9 1 runed translucent door, Kagalorn's ghost, journeyman GnIE
Lair:4 exclusion: oklob plant
Swamp:1 1 runed translucent door, Yfrazar's ghost, adept GnFi
Snake:3 1 runed translucent door, hitsuchi's ghost, adept DrBe
Vaults:1 3 runed translucent doors


Message History

Casting: Bolt of Magma (safe; 1% risk of failure)
Confirm with . or Enter, or press ? or * to list all spells.
Aiming: Bolt of Magma (safe; 1% risk of failure)
Press: ? - help, Shift-Dir - straight line, f/p - shadow dragon
Aim: a shadow dragon (flame, moderately wounded)
The bolt of magma hits the ancient lich!!
The ancient lich partially resists.
The ancient lich is almost destroyed.
The bolt of magma misses the shadow dragon.
You feel very sick. The wraith barely misses you.
The phantasmal warrior hits you!!
* * * LOW HITPOINT WARNING * * *
The shadow dragon is engulfed in blazing flames.
The shadow dragon breathes negative energy at you.
The bolt of negative energy misses the ancient lich.
The bolt of negative energy misses you.
The bolt of negative energy misses the wraith.
The ancient lich is engulfed in blazing flames.
The ancient lich touches you.
You die...

#......,,,,,,,,,,,,,,,,,
#.....,,,,,,,,,,,,,,,,,,
#.....,,,,,,,,,,,,,,,,,,
*.....,,,,,,,,,,,,,,,,,,
*,.p.##*****************
*,,...,,,,,,,,,,,,,,,,,,
*,,#.##*,,,,,,,,,,,,,,,,
*,,#.#.#######,,,,,*****
*,,#.##).....##,,,**,,,,
*,,#..#WW......,,,,,,,,,
*,,#..#@W..#**,,,,,***,,
*,,#..##L○.#,***,***,*,,
*,,#...##.°#*,,***,,**,,
*,,#....#.○#,,*,,,*,,*,,
*,,#......D#,*,,*,,*,*,,
*,,#......v..#,*,*,*,,,,
*,,#.......#.#,,*,,*,*,,
*,,#....#..#..#,,,*,,*,,
*,,#...##..#*..#**,,**,,
*,,#..##...#,###,***,*,,
*,,#..*,...#**,,,,,***,,


You could see a shadow dragon, an ancient lich, a phantasmal warrior, 2 wraiths
and a friendly fire vortex.

Vanquished Creatures
  Mara (Vaults:3)
  Vashnia (Snake:4)
  Bai Suzhen (Vaults:4)
  3 tentacled monstrosities
  Jorgrun (D:12)
  Rupert (D:13)
  4 titans (Vaults:5)
  A quicksilver dragon (Vaults:5)
  A sphinx (Vaults:5)
  Frances (Swamp:1)
  3 tengu reavers
  A storm dragon (Vaults:2)
  4 thorn hunters
  Kirke (Snake:1)
  A shadow dragon (Vaults:5)
  10 nagarajas
  A fire giant (Vaults:5)
  2 frost giants
  5 deep elf sorcerers
  2 orc warlords
  An iron dragon (Vaults:5)
  2 vault wardens
  Aizul (Snake:3)
  A deep elf elementalist (Vaults:5)
  8 ironheart preservers
  A war gargoyle (Vaults:1)
  4 stone giants
  9 very ugly things
  2 deep elf demonologists
  Nessos (D:12)
  An entropy weaver (Vaults:2)
  2 deep elf annihilators
  Snorg (Lair:6)
  2 green deaths (Swamp:4)
  2 ettins
  2 deep elf death magi
  4 fire dragons
  7 ogre magi
  26 vault guards
  3 yaktaur captains
  Harold (D:11)
  18 hydras
  Fannar (D:12)
  17 naga warriors
  3 death knights
  2 ice dragons
  3 ghost crabs
  3 shambling mangroves
  2 catoblepae
  11 anacondas
  22 two-headed ogres
  8 centaur warriors
  18 alligators
  A dancing weapon (Elf:1)
  4 death yaks (Lair:3)
  Urug (D:14)
  5 orc high priests (Orc:2)
  9 shock serpents
  A titan zombie (Vaults:4)
  15 naga sharpshooters
  2 deep elf knights
  A sixfirhy (Gauntlet)
  A fire crab (Lair:6)
  4 unseen horrors
  5 salamander mystics
  A sea snake (Snake:2)
  5 skeletal warriors
  A spriggan druid (Swamp:2)
  7 deep elf archers
  3 large abominations (Swamp:4)
  A flayed ghost (D:14)
  2 glowing orange brains
  9 swamp dragons
  13 naga ritualists
  4 wizards
  12 orc knights
  A lindwurm (Lair:6)
  6 ironbrand convokers
  A phantasmal warrior (Vaults:5)
  15 deep elf magi
  A harpy (Vaults:5)
  3 necromancers
  Pikel (D:5)
  10 salamanders
  3 wolf spiders (Vaults:2)
  A wolf spider zombie (D:13)
  13 mana vipers
  8 orc sorcerers
  7 cyclopes
  26 ugly things
  A moth of wrath (Gauntlet)
  A tengu skeleton (Vaults:4)
  A manticore (shapeshifter) (Vaults:5)
  55 black mambas
  6 elephants
  A centaur zombie (D:11)
  14 guardian serpents
  6 vault sentinels
  2 ice statues (IceCv)
  4 orange demons (Swamp:4)
  17 naga magi
  3 gargoyles
  19 spiny frogs
  2 kobold demonologists
  7 ice devils (IceCv)
  4 rime drakes
  14 yaktaurs
  5 freezing wraiths
  7 komodo dragons
  10 polar bears (Lair:6)
  A queen bee (Lair:3)
  11 trolls
  13 hornets
  A wind drake (shapeshifter) (Vaults:5)
  12 tyrant leeches
  Prince Ribbit (D:8)
  2 raiju (Lair:6)
  20 blink frogs
  25 slime creatures
  8 bog bodies
  11 hippogriffs
  A dream sheep (Lair:6)
  A human simulacrum (Vaults:2)
  6 shadows
  6 spriggans
  3 wyverns
  An ettin skeleton (Vaults:4)
  5 wraiths
  A vampire (D:11)
  46 yaks
  2 water elementals (D:15)
  3 hogs (Snake:1)
  3 steam dragons
  6 basilisks
  5 vampire mosquitoes
  4 hungry ghosts
  Grum (D:9)
  16 humans
  10 wargs
  3 human zombies (Vaults:4)
  51 nagas
  13 swamp worms
  12 water moccasins
  2 acid dragons
  13 hell hounds (Lair:6)
  A human skeleton (Vaults:4)
  38 orc warriors
  5 porcupines
  2 slaves (D:4)
  15 black bears
  9 swamp drakes
  2 sky beasts
  11 ice beasts
  2 necrophages
  29 ogres
  4 phantoms
  6 boggarts
  An ettin simulacrum (Vaults:2)
  6 small abominations (Gauntlet)
  An eye of draining (D:11)
  15 crocodiles
  40 wolves
  12 centaurs
  3 big kobolds
  20 bullfrogs
  A wyvern zombie (D:11)
  3 scorpions
  2 troll zombies (D:11)
  30 killer bees
  6 wights
  A howler monkey (D:13)
  3 electric eels
  10 crimson imps
  A draconian simulacrum (IceCv)
  9 hounds
  2 quasits
  24 orc priests
  8 jellies
  A bullfrog zombie (D:5)
  3 centaur skeletons
  A bullfrog skeleton (D:12)
  3 iguanas
  Natasha (thrice) (D:3)
  24 orc wizards
  8 worker ants
  4 troll simulacra (IceCv)
  4 ogre zombies (D:11)
  A centaur simulacrum (IceCv)
  A hound skeleton (D:11)
  A worker ant zombie (D:11)
  7 gnolls
  2 ogre simulacra (IceCv)
  A river rat (Lair:3)
  8 adders
  2 naga simulacra (IceCv)
  2 shadow imps
  3 ufetubi (Gauntlet)
  5 oozes
  2 adder skeletons
  An adder zombie (D:6)
  4 worms
  3 leopard geckos
  94 orcs
  5 bats
  2 giant cockroaches
  4 goblins
  5 hobgoblins
  12 jackals
  A quokka (D:8)
  3 ball pythons
  3 frilled lizards
  A goblin skeleton (D:11)
  A goblin zombie (D:11)
  4 hobgoblin zombies (D:11)
  26 kobolds
  A leopard gecko skeleton (D:8)
  3 orc skeletons (D:11)
  10 orc zombies (D:11)
  9 rats
  5 briar patches (Swamp:3)
  15 crawling corpses (Vaults:5)
  3 demonic plants (Gauntlet)
  A fire vortex (Vaults:4)
  2 fungi
  3 plants (Lair:6)
1564 creatures vanquished.

Vanquished Creatures (collateral kills)
  A nagaraja (Snake:4)
  A vault warden (Vaults:2)
  An ogre mage (Vaults:2)
  A deep elf high priest (Vaults:5)
  An ironbrand convoker (Vaults:3)
  An orb spider (shapeshifter) (Vaults:3)
  A faun (shapeshifter) (Vaults:5)
  A vault sentinel (Vaults:2)
  A naga (Snake:4)
  2 boggarts
  A crocodile (Lair:6)
  An orc wizard (Vaults:2)
13 creatures vanquished.

Vanquished Creatures (others)
  A polar bear (Lair:6)
  A blink frog (Lair:6)
  4 dream sheep (Lair:6)
  A human (Snake:1)
  A slave (D:4)
  An orc wizard (D:9)
  A briar patch (Swamp:3)
  8 demonic plants (Gauntlet)
  73 fire vortices
  20 fungi
  47 plants
  3 withered plants (Gauntlet)
161 creatures vanquished.

Grand Total: 1738 creatures vanquished

Notes
Turn   | Place    | Note
-------+----------+-------------------------------------------
     0 | D:1      | Garrluk the Deep Elf Fire Elementalist began the quest for
                  | the Orb.
     0 | D:1      | Reached XP level 1. HP: 10/10 MP: 6/6
   230 | D:1      | Reached XP level 2. HP: 15/15 MP: 4/8
   288 | D:1      | Reached skill level 2 in Conjurations
   704 | D:2      | Found an iron altar of Okawaru.
   706 | D:2      | Found a bloodstained altar of Trog.
   985 | D:2      | Reached XP level 3. HP: 19/19 MP: 5/10
   990 | D:2      | Learned a level 3 spell: Conjure Flame
  1173 | D:3      | Noticed Natasha
  1176 | D:3      | Killed Natasha
  1176 | D:3      | Reached skill level 3 in Conjurations
  1251 | D:3      | Reached XP level 4. HP: 22/24 MP: 6/11
  1260 | D:3      | Noticed Natasha
  1285 | D:2      | Learned a level 4 spell: Sticky Flame
  1302 | D:3      | Killed Natasha
  1406 | D:3      | Noticed Natasha
  1411 | D:3      | Killed Natasha
  1454 | D:3      | Reached XP level 5. HP: 28/28 MP: 2/13
  1508 | D:3      | Reached skill level 4 in Conjurations
  1712 | D:3      | Learned a level 5 spell: Fireball
  1751 | D:3      | Found a shimmering blue altar of Sif Muna.
  1894 | D:3      | Noticed an angel
  1895 | D:3      | Found a glowing silver altar of Zin.
  2121 | D:4      | Reached skill level 5 in Spellcasting
  2121 | D:4      | Reached XP level 6. HP: 23/32 MP: 5/15
  2135 | D:4      | Noticed a slave
  2137 | D:4      | Noticed a slave
  2189 | D:4      | Killed a slave
  2254 | D:4      | Reached skill level 5 in Conjurations
  2408 | D:4      | Noticed a slave
  2411 | D:4      | Noticed a slave
  2412 | D:4      | Noticed Pikel
  2415 | D:5      | Entered Level 5 of the Dungeon
  2677 | D:5      | Killed Pikel
  2677 | D:5      | Reached skill level 6 in Conjurations
  2677 | D:5      | Reached skill level 5 in Fire Magic
  2677 | D:5      | Reached XP level 7. HP: 29/36 MP: 9/18
  2904 | D:5      | Reached skill level 7 in Conjurations
  2910 | D:5      | Reached XP level 8. HP: 35/41 MP: 3/20
  3224 | D:4      | Got a jewelled mace
  3237 | D:4      | Identified the +5 mace "Weoh" {protect, *Contam rF+ MP+9}
                  | (You found it on level 4 of the Dungeon)
  3571 | D:6      | Reached skill level 8 in Conjurations
  4174 | D:6      | Got a shimmering dagger
  4473 | D:6      | Reached skill level 9 in Conjurations
  4721 | D:6      | Reached XP level 9. HP: 40/45 MP: 23/23
  4782 | D:6      | Found a burning altar of Makhleb.
  4782 | D:6      | Noticed a blizzard demon
  4811 | D:6      | Found a white marble altar of Elyvilon.
  5042 | D:7      | Found a blossoming altar of Fedhas.
  5063 | D:7      | Identified the +2 dagger "Fiasch" {venom, rN+ MP-9 Dex+2}
                  | (You found it on level 6 of the Dungeon)
  5096 | D:7      | Reached skill level 1 in Fighting
  5201 | D:7      | Reached skill level 10 in Conjurations
  5229 | D:7      | Found a staircase to the Ecumenical Temple.
  5321 | D:7      | Found a hide-covered altar of Uskayaw.
  5649 | Temple   | Entered the Ecumenical Temple
  5700 | Temple   | Became a worshipper of Vehumet
  5993 | D:8      | Noticed a wind drake
  5994 | D:8      | Noticed a gargoyle
  5997 | D:8      | Noticed a two-headed ogre
  6044 | D:8      | Noticed Prince Ribbit
  6051 | D:8      | Killed Prince Ribbit
  6145 | D:8      | Reached XP level 10. HP: 53/55 MP: 20/25
  6167 | D:8      | Reached * piety under Vehumet
  6167 | D:8      | Offered knowledge of Sandblast by Vehumet.
  6604 | D:9      | Noticed Grum
  6615 | D:8      | Noticed a quicksilver dragon
  6619 | D:8      | Reached skill level 11 in Conjurations
  6656 | D:9      | Found a flagged portal.
  6906 | D:9      | Killed Grum
  6930 | Bailey   | Entered a bailey
  7093 | D:9      | Reached skill level 10 in Spellcasting
  7237 | D:9      | Found a staircase to the Lair.
  7287 | D:9      | Found a runed translucent door.
  7288 | D:9      | Noticed Kagalorn's ghost (journeyman GnIE)
  7345 | D:9      | Found a shimmering altar of Xom.
  7452 | D:9      | Found an ancient bone altar of Kikubaaqudgha.
  7565 | D:10     | Entered Level 10 of the Dungeon
  7672 | D:10     | Offered knowledge of Shock by Vehumet.
  7672 | D:10     | Reached ** piety under Vehumet
  8027 | D:10     | Reached skill level 12 in Conjurations
  8106 | D:10     | Learned a level 1 spell: Summon Butterflies
  8141 | D:10     | Noticed a two-headed ogre
  8147 | D:10     | Killed a two-headed ogre
  8309 | D:10     | Reached XP level 11. HP: 52/62 MP: 27/27
  8369 | D:11     | Noticed a five-headed hydra
  8564 | D:11     | Noticed a four-headed hydra
  8644 | D:11     | Offered knowledge of Ignite Poison by Vehumet.
  8658 | D:11     | Noticed a centaur warrior
  8714 | Lair:1   | Entered Level 1 of the Lair of Beasts
  8742 | Lair:1   | Reached *** piety under Vehumet
  8792 | Lair:1   | Reached skill level 5 in Fighting
  8985 | Lair:1   | Reached skill level 10 in Fire Magic
  9194 | Lair:1   | Reached skill level 13 in Conjurations
  9194 | Lair:1   | Offered knowledge of Airstrike by Vehumet.
  9457 | Lair:1   | Noticed a five-headed hydra
  9461 | Lair:1   | Killed a five-headed hydra
 10510 | Lair:3   | Found a staircase to the Snake Pit.
 10532 | Lair:3   | Reached **** piety under Vehumet
 10532 | Lair:3   | Reached XP level 12. HP: 61/69 MP: 16/30
 10534 | Lair:3   | Found a gate leading to a gauntlet.
 10545 | Gauntlet | Entered a Gauntlet
 10545 | Gauntlet | Found a transporter.
 10545 | Gauntlet | Found a transporter.
 10545 | Gauntlet | Found a transporter.
 10545 | Gauntlet | Noticed a ghost crab
 10549 | Gauntlet | Found a transporter.
 10550 | Gauntlet | Found a transporter.
 10560 | Gauntlet | Found a transporter.
 10562 | Gauntlet | Found a transporter.
 10627 | Gauntlet | Found a transporter.
 10637 | Gauntlet | Found a transporter.
 10652 | Gauntlet | Found a transporter.
 10654 | Gauntlet | Found a large runed translucent door.
 10655 | Gauntlet | Found a large runed translucent door.
 10656 | Gauntlet | Found a large runed translucent door.
 10656 | Gauntlet | Found a large runed translucent door.
 10656 | Gauntlet | Found a runed translucent door.
 10656 | Gauntlet | Found a runed translucent door.
 10657 | Gauntlet | Found a large runed translucent door.
 10658 | Gauntlet | Found a large runed translucent door.
 10659 | Gauntlet | Found a large runed translucent door.
 10659 | Gauntlet | Found a large runed translucent door.
 10660 | Gauntlet | Found a runed translucent gate.
 10660 | Gauntlet | Found a runed translucent gate.
 10660 | Gauntlet | Found a runed translucent gate.
 10662 | Gauntlet | Found a transporter.
 10671 | Gauntlet | Found a large runed translucent door.
 10671 | Gauntlet | Found a large runed translucent door.
 10672 | Gauntlet | Found a large runed translucent door.
 10673 | Gauntlet | Found a large runed translucent door.
 10677 | Gauntlet | Found a transporter.
 10715 | Gauntlet | Found a large runed translucent door.
 10716 | Gauntlet | Found a large runed translucent door.
 10717 | Gauntlet | Found a large runed translucent door.
 10717 | Gauntlet | Found a large runed translucent door.
 10766 | Gauntlet | Got a warped cloak
 10777 | Gauntlet | Identified the cursed +0 cloak of Light {Int+3} (You found
                  | it in a Gauntlet)
 10796 | Gauntlet | Offered knowledge of Stone Arrow by Vehumet.
 10802 | Gauntlet | Learned a level 3 spell: Stone Arrow
 10972 | Gauntlet | Reached skill level 14 in Conjurations
 11253 | Gauntlet | Noticed a minotaur
 11299 | Lair:3   | Learned a level 3 spell: Regeneration
 11402 | Lair:3   | Noticed an eight-headed hydra
 11408 | Lair:3   | Killed an eight-headed hydra
 11605 | Lair:3   | Reached ***** piety under Vehumet
 11649 | Lair:3   | Offered knowledge of Bolt of Magma by Vehumet.
 11656 | Lair:3   | Learned a level 5 spell: Bolt of Magma
 11817 | Lair:3   | Noticed a six-headed hydra
 11823 | Lair:3   | Killed a six-headed hydra
 12233 | Lair:3   | Noticed a death yak
 12233 | Lair:3   | Noticed a death yak
 12235 | Lair:3   | Noticed a death yak
 12236 | Lair:3   | Noticed a death yak
 12239 | Lair:3   | Killed a death yak
 12240 | Lair:3   | Killed a death yak
 12243 | Lair:3   | Killed a death yak
 12255 | Lair:3   | Killed a death yak
 12255 | Lair:3   | Reached skill level 15 in Conjurations
 12378 | Lair:3   | Learned a level 3 spell: Mephitic Cloud
 12637 | Lair:3   | Learned a level 6 spell: Deflect Missiles
 12724 | Lair:3   | Reached XP level 13. HP: 76/76 MP: 32/32
 12823 | Lair:4   | Reached skill level 1 in Charms
 12994 | Lair:4   | Found a frozen archway.
 13019 | IceCv    | Entered an ice cave
 13864 | Lair:4   | Found a staircase to the Swamp.
 13973 | Swamp:1  | Entered Level 1 of the Swamp
 14134 | Lair:4   | Offered knowledge of Irradiate by Vehumet.
 14421 | Lair:4   | Reached skill level 5 in Charms
 14827 | Lair:5   | Learned a level 2 spell: Swiftness
 15511 | Lair:6   | Entered Level 6 of the Lair of Beasts
 15518 | Lair:6   | Noticed Snorg
 15864 | Lair:6   | Reached skill level 5 in Dodging
 15977 | Lair:6   | Found a staircase to the Slime Pits.
 16051 | Lair:6   | Reached skill level 16 in Conjurations
 16211 | Lair:6   | Killed Snorg
 16228 | Lair:6   | Reached XP level 14. HP: 83/83 MP: 32/34
 16778 | Lair:6   | Found a shimmering altar of Xom.
 16837 | Lair:6   | Found a shimmering altar of Xom.
 18565 | D:11     | Found a staircase to the Orcish Mines.
 18805 | D:11     | Reached skill level 10 in Charms
 18828 | D:11     | You fall into a shaft and drop 3 floors!
 18884 | D:14     | Reached ****** piety under Vehumet
 19539 | D:13     | Offered knowledge of Venom Bolt by Vehumet.
 19997 | D:14     | Found a gate to the Vaults.
 19997 | D:14     | Noticed Urug
 19997 | D:14     | Noticed Rupert
 20168 | D:13     | Found Sywurel's Antique Weapon Shop.
 20364 | D:12     | Found the amulet of Vitality {Regen+ HP+15}
 20481 | D:12     | Reached XP level 15. HP: 89/89 MP: 30/35
 20749 | D:11     | Noticed Harold
 20756 | D:11     | Reached skill level 17 in Conjurations
 20757 | D:11     | Killed Harold
 20906 | D:12     | Noticed Nessos
 20909 | D:12     | Killed Nessos
 20993 | D:12     | Noticed Fannar
 21000 | D:12     | Killed Fannar
 21036 | D:12     | Noticed Jorgrun
 21044 | D:12     | Killed Jorgrun
 21240 | D:12     | Reached skill level 15 in Spellcasting
 21508 | D:13     | Killed Rupert
 21757 | D:14     | Found a roughly hewn altar of Beogh.
 21764 | D:14     | Offered knowledge of Bolt of Cold by Vehumet.
 21982 | D:14     | Killed Urug
 22043 | D:14     | Learned a level 6 spell: Bolt of Cold
 22310 | D:15     | Entered Level 15 of the Dungeon
 22766 | D:15     | Found a staircase to the Depths.
 22766 | D:15     | Noticed a frost giant
 22771 | D:15     | Killed a frost giant
 23743 | Orc:1    | Entered Level 1 of the Orcish Mines
 23757 | Orc:1    | Noticed an orc warlord
 23764 | Orc:1    | Offered knowledge of Poison Arrow by Vehumet.
 23769 | Orc:1    | Killed an orc warlord
 24197 | Orc:2    | Entered Level 2 of the Orcish Mines
 24683 | Orc:2    | Reached XP level 16. HP: 96/96 MP: 37/37
 25093 | Orc:2    | Found Sastigue's Jewellery Emporium.
 25163 | Orc:2    | Found a staircase to the Elven Halls.
 25276 | Orc:2    | Found Kuth's Antique Armour Shoppe.
 25365 | Orc:2    | Bought an ichor-stained robe for 136 gold pieces
 25365 | Orc:2    | Bought a pair of gloves for 108 gold pieces
 25376 | Orc:2    | Identified the +4 robe "Pudaod Kil" {rElec Int+2 Dex+4
                  | Slay+6} (You bought it in a shop on level 2 of the Orcish
                  | Mines)
 25446 | Orc:2    | Found Socsatu's Antique Weapon Boutique.
 25574 | Orc:2    | Found Lycse's General Store.
 25707 | Elf:1    | Entered Level 1 of the Elven Halls
 25738 | Elf:1    | Reached skill level 18 in Conjurations
 25978 | Snake:1  | Entered Level 1 of the Snake Pit
 25981 | Snake:1  | Noticed Kirke
 26057 | Swamp:1  | Noticed a thorn hunter
 26062 | Swamp:1  | Killed a thorn hunter
 26500 | Swamp:1  | Noticed Frances
 26581 | Swamp:1  | Killed Frances
 26769 | Swamp:1  | Found a runed translucent door.
 26773 | Swamp:1  | Found a shimmering altar of Xom.
 26773 | Swamp:1  | Noticed Yfrazar's ghost (adept GnFi)
 26774 | Swamp:1  | Identified the +4 morningstar of the Black Skies {chaos,
                  | rPois rC+ Stlth-}
 26806 | Swamp:1  | Offered knowledge of Ozocubu's Refrigeration by Vehumet.
 27125 | Swamp:1  | You fall into a shaft and drop 1 floor!
 27298 | Swamp:2  | Reached skill level 15 in Charms
 27937 | Swamp:3  | Noticed a thorn hunter
 27947 | Swamp:3  | Killed a thorn hunter
 28045 | Swamp:3  | Reached skill level 10 in Dodging
 28454 | Swamp:4  | Entered Level 4 of the Swamp
 28464 | Swamp:4  | Noticed a thorn hunter
 28474 | Swamp:4  | Killed a thorn hunter
 28925 | Swamp:3  | Reached XP level 17. HP: 101/101 MP: 36/39
 29240 | Swamp:4  | Noticed a tentacled monstrosity
 29311 | Swamp:4  | Reached skill level 10 in Fighting
 29584 | Swamp:4  | Killed a tentacled monstrosity
 30047 | Swamp:4  | Offered knowledge of Bolt of Fire by Vehumet.
 30055 | Swamp:4  | Reached skill level 19 in Conjurations
 30475 | Swamp:4  | Noticed a tentacled monstrosity
 30751 | Swamp:4  | Killed a tentacled monstrosity
 30827 | Swamp:4  | Got a decaying rune of Zot
 31079 | Snake:1  | Killed Kirke
 31859 | Snake:1  | Found a shimmering blue altar of Sif Muna.
 32635 | Snake:3  | Reached XP level 18. HP: 108/108 MP: 40/40
 33485 | Snake:3  | Offered knowledge of Fire Storm by Vehumet.
 33485 | Snake:3  | Offered knowledge of Shatter by Vehumet.
 33485 | Snake:3  | Offered knowledge of Ignition by Vehumet.
 33558 | Snake:3  | Learned a level 9 spell: Fire Storm
 33963 | Snake:3  | Found a runed translucent door.
 33965 | Snake:3  | Noticed hitsuchi's ghost (adept DrBe)
 34013 | Snake:4  | Entered Level 4 of the Snake Pit
 34309 | Snake:3  | Noticed Aizul
 34430 | Snake:3  | Killed Aizul
 34511 | Snake:4  | Reached skill level 15 in Fire Magic
 34528 | Snake:4  | Reached skill level 20 in Conjurations
 34690 | Snake:4  | Found an iron altar of Okawaru.
 34930 | Snake:4  | Found Vyopn's Distillery.
 34939 | Snake:4  | Bought a potion of curing for 66 gold pieces
 34939 | Snake:4  | Bought a potion of heal wounds for 110 gold pieces
 34939 | Snake:4  | Bought a potion of heal wounds for 110 gold pieces
 34939 | Snake:4  | Bought a potion of magic for 176 gold pieces
 34939 | Snake:4  | Bought a potion of magic for 176 gold pieces
 34952 | Snake:4  | Noticed Vashnia
 35210 | Snake:4  | Found Xaliwn's Assorted Antiques.
 35598 | Snake:4  | Killed Vashnia
 35712 | Snake:4  | HP: 1/125 [naga sharpshooter/bolt (19)]
 35839 | Snake:4  | Reached XP level 19. HP: 114/114 MP: 27/42
 36211 | Snake:4  | Found a runed translucent door.
 36340 | Snake:4  | Learned a level 8 spell: Ignition
 37058 | Snake:4  | Got a serpentine rune of Zot
 37341 | Vaults:1 | Entered Level 1 of the Vaults
 37700 | Vaults:1 | Reached skill level 21 in Conjurations
 37890 | Vaults:1 | Found a runed translucent gate.
 37890 | Vaults:1 | Found a runed translucent gate.
 37894 | Vaults:1 | Found a runed translucent gate.
 37920 | Vaults:1 | Found Lumorum's Food Boutique.
 38049 | Vaults:1 | Upgraded the game from 0.24.0-2-g5b39cebb1c to
                  | 0.24.0-3-g28a8eb0610
 38536 | Vaults:2 | Found a staircase to the Crypt.
 38607 | Vaults:2 | Noticed a bone dragon
 39264 | Vaults:2 | Reached XP level 20. HP: 99/120 MP: 45/45
 39722 | Vaults:3 | Reached skill level 22 in Conjurations
 39996 | Vaults:3 | Found Qamalod's Antique Armour Boutique.
 39996 | Vaults:3 | Noticed Mara
 40004 | Vaults:3 | Killed Mara
 40398 | Vaults:4 | Noticed Bai Suzhen
 40467 | Vaults:4 | Killed Bai Suzhen
 40515 | Vaults:4 | Found Cemoeciv's Antique Weapon Boutique.
 40711 | Vaults:5 | Entered Level 5 of the Vaults
 40846 | Vaults:5 | Reached skill level 23 in Conjurations
 40933 | Vaults:5 | Reached XP level 21. HP: 60/124 MP: 24/47
 41204 | Vaults:5 | Identified the cursed +0 shortbow of Fear {freeze, +Inv rC+
                  | Int+4 Dex+4}
 41316 | Vaults:5 | Noticed an ancient lich
 41324 | Vaults:5 | HP: 5/139 [phantasmal warrior[an ancient lich] (20)]
 41324 | Vaults:5 | Slain by an ancient lich

Levels and vault maps discovered:
D:1:      evilmike_arrival_fibonacci_small, layout_basic, corner_web_ring,
          grunt_decor_cap
D:2:      layout_loops_cross, nicolae_overflow_hidden_temple
D:3:      layout_rooms, zin_angel, tgw_sif, uniq_natasha
D:4:      layout_rooms, minmay_stone_trees_small, minmay_misc_feat_five,
          minmay_starry_boxes, uniq_pikel
D:5:      layout_basic, first_ration, minmay_hedge_maze
D:6:      layout_loops_cross, makhleb_altar_promises_db, elyvilon_altar_1
D:7:      layout_basic, fedhas_altar_1, eat_drink_and_be_merry_uskayaw,
          minmay_temple_entry_ruins, the_bakery, fountainhead
D:8:      layout_loops_cross, onia_ninara_dug_in_and_dangerous,
          uniq_prince_ribbit1
D:9:      layout_rooms, lemuel_coloured_pillars_altar, lemuel_doored_altar,
          grunt_lair_entry_orc_guard_hut, gammafunk_ghost_grave, enter_bailey_2,
          uniq_grum
D:10:     layout_basic
D:11:     layout_irregular_city, zombieorc1_lemuel, uniq_harold
D:12:     layout_roguey, minmay_bent, uniq_nessos, uniq_jorgrun, uniq_fannar
D:13:     layout_long_grid, serial_shops, nicolae_shop_window_shopping
D:14:     layout_loops_ring, david_vaults_3, special_room [special_room_orc],
          chequers_garden
D:15:     grunt_enter_depths_snipers, layout_basic, minmay_tree_intersection
Temple:   minmay_temple_bridge_abc
Lair:1:   layout_layer_cave, hangedman_lair_generics_rect
Lair:2:   layout_gridlike
Lair:3:   regret_index_wax_grids, layout_cave_pods, guppyfry_snake_entry_island,
          gauntlet_entry_generic
Lair:4:   layout_cave_pods, skrybe_swamp_entry_bodies,
          portal_ice_cave_entry_ice_beasts, minmay_lair_oklob_chamber,
          grunt_megastairs_3, infiniplex_staircase_pool
Lair:5:   layout_regular_city, grunt_megastairs_1
Lair:6:   guppyfry_lair_end_dragon, layout_loops_ring,
          hangedman_lair_caniforms_friends, nicolae_slime_entry_slimehenge,
          basic_altar, kb_xom_exploding_sheep, uniq_snorg
Swamp:1:  layout_basic_swamp, ebering_ghost_xom, hangedman_swamp_diagram,
          uniq_aizul, uniq_frances
Swamp:2:  layout_basic_swamp, serial_swamp_ruin, evilmike_swamp_ruin_rubble_2,
          evilmike_swamp_ruin_rubble_1
Swamp:3:  layout_basic_swamp, evilmike_swamp_ruin_house_4, swamp_pool2
Swamp:4:  swamp_vile, layout_basic_swamp, swamp_pool1
Snake:1:  layout_basic, basic_altar, uniq_kirke
Snake:2:  layout_basic, serial_bayou_shore_a, grunt_megastairs_5
Snake:3:  nicolae_aizul_guard, layout_rooms, ebering_ghost_reflecting_pool,
          grunt_ministairs_14
Snake:4:  johnstein_snake_rune_scales, layout_onion_interference, serial_shops,
          nicolae_shop_crystal, shop_statue, shop, shop_fountains,
          nicolae_shop_behind_doors, basic_altar, lightli_airlock, uniq_vashnia
Orc:1:    layout_caves
Orc:2:    grunt_orc_gardens, layout_caves, grunt_orc_garden, grunt_orc_garden,
          grunt_orc_garden, grunt_orc_garden
Elf:1:    eino_elf_arrival_the_gate, layout_geoelf_grid, orc_legates
Vaults:1: ploomutoo_gammafunk_vaults_ghost_potion_laboratory,
          nicolae_vaults_network_star, ontoclasm_vaults_claustrophobia,
          ontoclasm_vaults_twist, vaults_room_semicircle, v_misc_17,
          vaults_dpeg_cross, hangedman_vaults_maws, v_misc_27, st_spiral_rooms,
          layout_vaults_big_cross, serial_shops, shop,
          nicolae_trove_entry_crossroad
Vaults:2: v_misc_25, minmay_crypt_entry_nasty_monster, vaults_room_glass_cross,
          vaults_dpeg_diagonal, v_pattern_2, hangedman_vaults_slice,
          grunt_vaults_funnel, v_misc_33, vaults_room_mumra_shop_pool,
          hangedman_vaults_snaps, layout_vaults_omnibox
Vaults:3: nicolae_vaults_little_ls, hangedman_vaults_trim,
          vaults_dpeg_encased_lava, hangedman_vaults_nails,
          ontoclasm_vaults_eye, v_misc_10, nicolae_vaults_specimen_jars,
          v_misc_14, ontoclasm_vaults_gateway, v_misc_3,
          nicolae_vaults_sealed_display, layout_vaults_quadrants, serial_shops,
          shop, uniq_mara
Vaults:4: hangedman_vaults_stitches, vaults_room_grid,
          nicolae_vaults_circle_grid_a, v_misc_17, hangedman_vaults_impose,
          layout_vaults_big_room, serial_shops, nicolae_shop_overgrown_old_shop,
          uniq_bai_suzhen
Vaults:5

Skill      XL: |  1  2  3  4  5  6  7  8  9 10 11 12 13 14 15 16 17 18 19 20 |
---------------+-------------------------------------------------------------+-----
Conjurations   | 2 3 4 6 7 9 10 12 13 15 16 17 18 19 20 21 23 | 23.5
Spellcasting   | 4 5 6 8 9 10 12 13 14 15 16 17 19 20 | 20.5
Fire Magic     | 4 5 6 7 8 9 10 11 12 13 14 15 16 17 | 17.8
Fighting       | 2 4 5 7 8 9 10 11 | 11.1
Dodging        | 5 7 8 10 11 12 | 12.4
Charms         | 7 11 13 15 17 18 | 18.2
Stealth        | |  2.4

Action                   |  1- 3 |  4- 6 |  7- 9 | 10-12 | 13-15 | 16-18 | 19-21 || total
-------------------------+-------+-------+-------+-------+-------+-------+-------++-------
Melee: Hand axe          |       |     4 |       |       |       |       |       ||     4
       Mace              |       |       |    47 |    25 |   206 |    72 |    45 ||   395
       Whip              |       |       |     2 |       |       |       |       ||     2
 Cast: Flame Tongue      |    56 |    81 |   148 |   199 |    49 |    11 |       ||   544
       Conjure Flame     |     1 |     2 |     8 |     8 |     9 |       |       ||    28
       Sticky Flame      |       |     8 |    15 |    71 |   104 |    48 |    20 ||   266
       Fireball          |       |     1 |    21 |   113 |   137 |    59 |    18 ||   349
       Stone Arrow       |       |       |       |    10 |    27 |       |       ||    37
       Bolt of Magma     |       |       |       |     7 |   358 |   415 |   246 ||  1026
       Regeneration      |       |       |       |     3 |    21 |     3 |       ||    27
       Mephitic Cloud    |       |       |       |       |     4 |     1 |       ||     5
       Deflect Missiles  |       |       |       |       |     2 |     7 |     5 ||    14
       Summon Butterflie |       |       |       |       |     1 |       |     1 ||     2
       Swiftness         |       |       |       |       |     1 |       |     2 ||     3
       Bolt of Cold      |       |       |       |       |    22 |   183 |    35 ||   240
       Fire Storm        |       |       |       |       |       |    21 |    54 ||    75
       Ignition          |       |       |       |       |       |       |    11 ||    11
Evoke: Lightning rod     |       |       |       |     1 |       |       |       ||     1
  Use: Potion            |       |     1 |       |     2 |     1 |     1 |     7 ||    12
       Scroll            |       |       |     6 |    10 |    13 |    12 |    16 ||    57
 Stab: Sleeping          |       |       |     1 |       |       |       |       ||     1
       Distracted        |       |       |       |     1 |     1 |       |       ||     2
  Eat: Chunk             |       |     6 |    16 |    15 |    27 |     9 |    21 ||    94
       Ration            |       |       |       |     5 |     4 |    12 |     6 ||    27
Armor: Robe              |     1 |     8 |    26 |    30 |    50 |    40 |    25 ||   180
       Steam dragon scal |       |       |       |       |    72 |    19 |       ||    91
       Leather armour    |       |       |       |       |       |     2 |       ||     2
Dodge: Dodged            |     6 |    21 |    66 |   145 |   475 |   354 |   159 ||  1226
       Deflected         |       |       |       |       |    31 |    46 |    36 ||   113
